Map: Lockdown LE

Players

Hex - Winner!

  • Race: Terran Terran

VOD

Have the link to the VOD?

Description

Time

  • Played on: Aug. 1, 2026, 4:41 p.m.
  • Length: 41:30
Show
View Real Time Build Order
Export as new Build Order

Hex Terran - Winner!

Build Orders:  

Get SALT Encoding   

  8  0:19  SCV  
  9  0:36  SCV, Supply Depot  
  10  0:58  Refinery  
  10  1:04  SCV  
  11  1:41  Barracks  
  11  1:58  Supply Depot  
  11  2:08  SCV  
  12  2:25  SCV  
  13  2:53  Barracks  
  13  3:13  Barracks Tech Lab  
  13  3:25  SCV  
  14  3:35  Refinery  
  14  3:42  SCV  
  14  3:46  Marauder  
  17  3:55  Supply Depot  
  17  3:59  SCV  
  18  4:16  SCV  
  19  4:33  SCV  
  20  4:50  SCV  
  20  4:51  Ghost Academy  
  21  5:02  Bunker  
  21  5:07  SCV  
  22  5:11  Marauder  
  24  5:24  SCV  
  25  5:34  Marine  
  26  5:41  SCV  
  27  5:58  SCV  
  29  6:07  Factory, Reaper  
  29  6:36  SCV  
  31  6:53  SCV  
  31  6:54  Reaper  
  32  7:10  SCV  
  33  7:26  Hellion  
  33  7:27  SCV  
  36  7:44  SCV  
  37  7:50  Command Center  
  37  8:07  Supply Depot  
  37  8:24  Bunker  
  37  8:27  Widow Mine  
  37  8:32  Supply Depot  
  39  8:46  Armory  
  39  9:07  Hellion  
  41  9:23  Engineering Bay  
  41  9:37  Bunker  
  41  9:43  Bunker  
  41  9:55  Supply Depot  
  41  9:58  SCV  
  42  10:15  SCV  
  43  10:29  Missile Turret  
  43  10:32  SCV  
  43  10:38  Missile Turret  
  44  10:48  Missile Turret  
  44  10:49  SCV  
  45  10:58  Missile Turret  
  45  11:06  SCV  
  45  11:09  Missile Turret  
  46  11:49  SCV  
  47  11:55  Terran Vehicle Weapons Level 1  
  47  12:06  SCV  
  48  12:21  Hellbat  
  48  12:23  SCV  
  77  12:40  SCV  
  52  12:51  Hellion, Missile Turret  
  52  12:55  SCV  
  52  12:56  SCV  
  56  13:11  SCV  
  56  13:13  SCV  
  58  13:28  SCV  
  59  13:30  SCV  
  60  13:41  Command Center  
  60  13:45  SCV  
  60  13:47  SCV  
  62  14:02  SCV  
  63  15:55  Orbital Command  
  63  16:28  Factory Tech Lab  
  63  16:52  SCV  
  64  17:09  SCV  
  65  17:26  SCV  
  66  17:43  SCV  
  67  18:00  SCV  
  67  18:09  Refinery  
  64  18:20  Marine  
  65  18:32  Siege Tank  
  68  18:40  SCV  
  68  18:45  Marine  
  70  18:56  Terran Infantry Weapons Level 1  
  70  18:57  SCV  
  71  19:10  Marine  
  71  19:12  Orbital Command  
  71  19:14  SCV  
  71  19:17  Siege Tank  
  76  19:31  SCV  
  76  19:35  Marine  
  78  19:48  SCV  
  79  20:00  Marine  
  79  20:02  Siege Tank  
  79  20:03  SCV  
  84  20:20  SCV  
  84  20:24  Marine  
  86  20:37  SCV  
  87  22:04  Supply Depot  
  87  22:34  SCV x2, Marine, Siege Tank  
  93  22:51  SCV x2  
  95  24:14  Marine  
  95  24:16  SCV  
  95  24:19  SCV  
  95  24:22  Siege Tank  
  94  24:32  SCV  
  95  25:21  Supply Depot  
  95  25:37  Supply Depot  
  95  25:51  SCV x2, Hellion, Marine  
  100  26:08  SCV x2  
  102  26:16  Marine  
  103  26:21  Hellion  
  103  26:25  SCV x2  
  107  26:41  Marine  
  107  26:42  SCV x2  
  110  26:59  SCV  
  111  27:15  Supply Depot  
  111  27:19  Supply Depot  
  111  27:45  SCV x2, Hellion  
  111  27:47  Factory  
  115  28:02  SCV  
  116  28:15  Siege Tank  
  119  29:00  Thor  
  121  30:00  Hellbat  
  121  30:03  Reaper  
  121  30:08  SCV  
  124  30:12  SCV  
  125  30:25  SCV  
  125  30:29  SCV  
  127  31:00  Supply Depot  
  127  31:07  Supply Depot  
  127  31:30  SCV x2, Siege Tank  
  127  31:36  Missile Turret  
  127  31:38  Reaper  
  133  31:41  Missile Turret  
  133  31:47  SCV x2  
  135  31:52  Missile Turret  
  135  31:57  Missile Turret  
  135  32:03  Missile Turret  
  135  32:04  SCV x2  
  137  32:15  Siege Tank  
  141  32:25  Reaper  
  142  33:13  Reaper  
  142  33:53  Missile Turret  
  142  33:57  Missile Turret  
  142  33:59  Missile Turret  
  143  34:00  Reaper  
  143  34:06  Missile Turret  
  143  34:10  Missile Turret  
  143  34:13  Missile Turret  
  143  34:37  Command Center  
  143  34:42  Supply Depot  
  143  34:48  Missile Turret  
  143  34:57  Refinery  
  143  35:06  Siege Tank  
  140  35:38  Missile Turret  
  140  35:42  Missile Turret  
  140  35:46  Missile Turret  
  140  35:59  Supply Depot  
  140  36:11  SCV  
  141  36:27  Orbital Command  
  141  36:28  SCV  
  142  36:45  SCV  
  143  37:02  SCV  
  144  37:19  SCV  
  145  37:24  Hellion  
  147  37:36  Hellion  
  149  37:44  Widow Mine  
  149  37:56  Widow Mine  
  153  38:24  Cyclone  
  156  38:36  Hellbat  
  149  39:06  Hellion  
  149  39:09  Siege Tank  
  154  39:36  Hellion  
  156  39:54  Siege Tank  
Tags
 
Add a new tag
Caveats
  • Supply blocks, unpowered buildings, or Contaminate may cause inaccurate times.
  • Supply counts are checked every 10 seconds.